[Event "CCT Julius Baer-D2 2024"]
[Site "Online"]
[Date "2024.09.27"]
[Round "1"]
[White "Robson, Ray"]
[Black "Vidit, Santosh Gujrathi"]
[Result "0-1"]
[ECO "D11"]
[WhiteElo "2700"]
[BlackElo "2720"]
[Annotator "TA"]
[PlyCount "94"]
[EventDate "2024.09.25"]
[EventType "swiss"]
[EventCountry "NET"]
[SourceTitle "playchess.com"]
[Source "ChessBase"]
[SourceQuality "1"]
[TimeControl "600+2"]

1. Nf3 Nf6 2. d4 d5 3. g3 Bf5 4. c4 e6 5. Nc3 c6 6. Bg2 h6 7. Qb3 {[%emt 0:00:04] now scores much better than the old 7.0-0. D11: Slav Defence: 3 Nf3 sidelines and 3...Nf6 4 e3 Bg4.} Qb6 8. c5 Qa6 9. Bf1 b5 10. a4 bxa4 11. Nxa4 $146 ({Predecessor:} 11. Rxa4 Qc8 12. Bf4 Be7 13. Qa3 a6 14. Ne5 O-O 15. f3 Bc2 16. b3 Nfd7 17. e4 dxe4 18. fxe4 {1-0 Galperin,P (2518)-Iniyan,P (2518) Junior Speed Qual 3 blitz 2022 (2.3)}) 11... Ne4 12. Ra3 Nd7 13. Nb6 axb6 14. Rxa6 Rxa6 15. Bg2 Be7 $1 16. O-O O-O $1 17. Bf4 Rfa8 18. cxb6 (18. Ne5 $11 Nxe5 19. Bxe4 (19. Bxe5 Nd2 $17) (19. cxb6 Rb8 $11) 19... Bxe4 20. cxb6) 18... Rxb6 $17 19. Qd1 (19. Qc2 $2 Nxg3 20. Qd1 Nxf1 $19) 19... Ra2 20. Qc1 Bd8 (20... Raxb2 21. Bc7 R6b3 22. Qxc6 $14) (20... Rbxb2 $6 21. Qxc6 Nf8 22. Qe8 $14) 21. Nd2 Nxd2 22. Bxd2 Rbxb2 23. Qxc6 Rxd2 $2 (23... Nf6 $11 {and Black is okay.} 24. Bf4 Kh7 (24... Rxe2 $2 25. Qc8 $18)) 24. Qxd7 $18 Bf6 25. Bxd5 $1 Rab2 26. e3 $2 (26. Qe8+ $18 Kh7 27. Bf3) 26... Bd3 (26... g6 $1 $11 {remains equal.} 27. Qc6 Kg7) 27. Bf3 (27. Qe8+ $16 Kh7 28. Bf3 Bxd4 (28... Kg6 $2 29. h4 $18) 29. Qxf7 Rxf2 30. Rxf2 Bxe3 31. Qxe6 Bxf2+ 32. Kh1) 27... g6 $1 $11 ({Weaker is} 27... Bxf1 28. Qe8+ Kh7 29. Be4+ (29. Kxf1 $2 Rxf2+ 30. Kg1 Rxf3 $19) 29... g6 30. Qxf7+ (30. Kxf1 $2 Rxf2+ 31. Ke1 Kg7 $19) 30... Kh8 31. Bxg6 (31. Qxf6+ Kg8 32. Qxe6+ Kg7 33. Qe7+ Kh8 34. Bxg6 Kg8 35. Qh7+ Kf8 36. Qf7#) 31... Bg7 32. Qe8+) 28. Rd1 $2 {[%emt 0:00:07][%mdl 8192] [#]} (28. Qc8+ $11 Kg7 29. Qc1) 28... Rxd1+ $1 $19 ({And not} 28... Rxf2 29. d5 Bf5 30. g4 Bxg4 (30... Rxf3 31. Qe8+ Kg7 32. gxf5 $11) 31. Bxg4 $11) 29. Bxd1 {[%emt 0:00:02] [#]} Rb1 $1 30. Qa4 Be2 31. Qc2 Rxd1+ 32. Kg2 Bf1+ 33. Kf3 (33. Kg1 $142 Re1 34. Qc3) 33... Ra1 $19 34. Qb2 Ra8 35. h4 h5 36. Qb7 Rf8 37. Qc6 Kg7 38. Kf4 Bd3 39. Kf3 Rd8 40. Kg2 Rd5 41. Kf3 (41. Qc3 {might work better.} Ba6 42. Kh1) 41... Rf5+ 42. Kg2 Be2 $2 (42... Ra5 $19 {is more deadly. ...Ra6 would now be deadly.} 43. Qf3 Bc4) 43. Qc7 $2 (43. e4 $17 {nothing else works.} Bf3+ 44. Kh2) 43... Bf3+ $19 44. Kh3 (44. Kf1 $142) 44... e5 45. dxe5 Bxe5 46. Qc2 Bf6 47. Qd2 (47. Qc7 $19) 47... Rd5 0-1

[Event "CCT Julius Baer-D2 2024"]
[Site "Online"]
[Date "2024.09.27"]
[Round "1"]
[White "Yakubboev, Nodirbek"]
[Black "So, Wesley"]
[Result "1/2-1/2"]
[ECO "A13"]
[WhiteElo "2666"]
[BlackElo "2752"]
[Annotator "TA"]
[PlyCount "61"]
[EventDate "2024.09.25"]
[EventType "swiss"]
[EventCountry "NET"]
[SourceTitle "playchess.com"]
[Source "ChessBase"]
[SourceQuality "1"]
[TimeControl "600+2"]

1. c4 e6 2. g3 d5 3. Bg2 Nf6 4. Nf3 d4 5. d3 Nc6 6. O-O Bc5 7. Nbd2 O-O 8. Nb3 Be7 {[%emt 0:00:01] Die Stellung ist ausgeglichen.} 9. a4 e5 10. a5 a6 11. e3 dxe3 12. Bxe3 Be6 13. Qe2 Re8 14. d4 exd4 15. Nfxd4 Bg4 16. Qc2 (16. Qd2 $5) 16... Nxd4 17. Bxd4 c6 18. h3 Bh5 19. Qc3 {[%emt 0:00:22] Verhindert Bb4. Weiß steht aktiver.} Bf8 20. g4 {[%emt 0:00:23][%cal Od4b6] [#] Bb6! wäre nun fies.} Bg6 21. Rad1 Qc7 22. Bb6 Qf4 23. Rd4 (23. Qd4 {vereinfacht} Qxd4 24. Rxd4 Re2 25. Nc5) 23... Ne4 24. Qe1 (24. Bxe4 $11 {und Weiss ist OK.} Rxe4 25. Rxe4 Bxe4 26. Nc5) 24... Bd6 $19 25. Rxd6 Nxd6 26. Qb4 Qxc4 (26... Nxc4 27. Nc5 $16) 27. Qxd6 Qxb3 28. Qd7 Be4 (28... Qxb2 29. Qxb7 Bd3 30. Rd1 $19) 29. Qxb7 {[%emt 0:00:42] [#] Droht Bxe4 und aus. Schwarz hat entscheidenden Vorteil.} Bxg2 (29... Qxb2 $2 {geht unter.} 30. Bxe4 Qc3 31. Kg2 $18 (31. Bxc6 Rf8 $18)) 30. Kxg2 Qd5+ ({Viel schwächer ist} 30... Qxb2 31. Qxc6 Qe2 32. Rc1 $19) 31. Kg3 {[%emt 0:00:08][%mdl 32768] Gewichteter Fehlerwert: Weiß=0.36/Schwarz=0.12 (sehr präzise) .  Verlustzug:     	Weiß=1     	---        Ungenau:       	Weiß=2     	Schwarz=2     OK:         	Weiß=8     	Schwarz=11    Bester:       	Weiß=1     	Schwarz=3    . Ein unerwartetes Ergebnis.} 1/2-1/2

[Event "CCT Julius Baer-D2 2024"]
[Site "Online"]
[Date "2024.09.27"]
[Round "1"]
[White "Anton Guijarro, David"]
[Black "Durarbayli, Vasif"]
[Result "0-1"]
[ECO "B55"]
[WhiteElo "2665"]
[BlackElo "2626"]
[Annotator "ChessBase"]
[PlyCount "82"]
[EventDate "2024.09.25"]
[EventType "swiss"]
[EventCountry "NET"]
[SourceTitle "playchess.com"]
[Source "ChessBase"]
[SourceQuality "1"]
[TimeControl "600+2"]

1. e4 c5 2. Nf3 d6 3. d4 Nf6 4. Bd3 cxd4 5. Nxd4 Nc6 6. Nxc6 bxc6 7. O-O g6 8. b3 Bg7 9. Bb2 O-O 10. Nc3 Nd7 11. Na4 Bxb2 12. Nxb2 Nc5 13. Re1 e5 14. Qd2 Qe7 15. Bf1 Rd8 16. Nc4 Be6 17. Na5 Rac8 18. Qc3 Qc7 19. b4 Na4 20. Qa3 Nb6 21. c4 Nd7 22. Rad1 a6 23. c5 dxc5 24. bxc5 Qa7 25. Qg3 Re8 26. Rc1 Bxa2 27. Red1 Nf6 28. f3 Qc7 29. Qe1 Rcd8 30. Qb4 Rxd1 31. Rxd1 Rb8 32. Qc3 Be6 33. Rd6 Rb1 34. Kf2 Nd7 35. Rxc6 Qb8 36. Be2 Rb2 37. Ke3 Ra2 38. Rd6 Qd8 39. c6 Qb6+ 40. Kd3 Nc5+ 41. Ke3 Na4+ 0-1

[Event "CCT Julius Baer-D2 2024"]
[Site "Online"]
[Date "2024.09.27"]
[Round "1"]
[White "Anton Guijarro, David"]
[Black "Durarbayli, Vasif"]
[Result "1-0"]
[ECO "B55"]
[WhiteElo "2665"]
[BlackElo "2626"]
[Annotator "ChessBase"]
[PlyCount "115"]
[EventDate "2024.09.25"]
[EventType "swiss"]
[EventCountry "NET"]
[SourceTitle "playchess.com"]
[Source "ChessBase"]
[SourceQuality "1"]
[TimeControl "600+2"]

1. e4 c5 2. Nf3 d6 3. d4 Nf6 4. Bd3 cxd4 5. Nxd4 Nc6 6. Nxc6 bxc6 7. O-O g6 8. b3 Bg7 9. Bb2 O-O 10. Nc3 Nd7 11. Na4 Bxb2 12. Nxb2 Nc5 13. Re1 e5 14. Qd2 Qh4 15. Nc4 Rd8 16. Na5 Bd7 17. b4 Ne6 18. Nb7 Nf4 19. Bf1 Qg5 20. Re3 Rdb8 21. Nxd6 Nh3+ 22. Kh1 Rxb4 23. Nc4 Rab8 24. gxh3 Be6 25. Rb3 Qxd2 26. Nxd2 Bxb3 27. axb3 R4b7 28. Kg2 f6 29. Nc4 Rc7 30. h4 Kf7 31. Kg3 Ke7 32. Bd3 Rg8 33. Ra6 Rb8 34. Kg4 Rg8 35. Na5 h5+ 36. Kf3 Rgc8 37. Ke3 Kf7 38. Nc4 Ke7 39. Ra5 Rb8 40. Ra1 Rd8 41. f4 exf4+ 42. Kxf4 Kf7 43. Ra6 Kg7 44. Ra5 Rb8 45. e5 Rb5 46. exf6+ Kxf6 47. Rxb5 cxb5 48. Nd6 Rd7 49. Nxb5 a6 50. Nc3 a5 51. Ne4+ Kg7 52. Ke5 Rf7 53. c4 Rf3 54. Kd4 Kf8 55. c5 Ke7 56. c6 Rh3 57. Bb5 Rxh4 58. c7 1-0

[Event "CCT Julius Baer-D2 2024"]
[Site "Online"]
[Date "2024.09.27"]
[Round "1"]
[White "Sargsyan, Shant"]
[Black "Le, Tuan Minh"]
[Result "1-0"]
[ECO "A46"]
[WhiteElo "2649"]
[BlackElo "2564"]
[Annotator "ChessBase"]
[PlyCount "39"]
[EventDate "2024.09.25"]
[EventType "swiss"]
[EventCountry "NET"]
[SourceTitle "playchess.com"]
[Source "ChessBase"]
[SourceQuality "1"]
[TimeControl "600+2"]

1. d4 d5 2. Nf3 e6 3. g3 Nf6 4. Bg2 b5 5. O-O Bb7 6. Bg5 Be7 7. Bxf6 Qd7 8. Ne5 Qd6 9. Bxg7 Rg8 10. Bh6 f6 11. Nd3 Nd7 12. a4 b4 13. c4 a5 14. cxd5 Bxd5 15. e4 Bb7 16. e5 Qb6 17. Qh5+ Kd8 18. Qf7 Re8 19. Bxb7 Qxb7 20. Nf4 1-0

[Event "CCT Julius Baer-D2 2024"]
[Site "Online"]
[Date "2024.09.27"]
[Round "1"]
[White "Sargsyan, Shant"]
[Black "Le, Tuan Minh"]
[Result "1/2-1/2"]
[ECO "D30"]
[WhiteElo "2649"]
[BlackElo "2564"]
[Annotator "ChessBase"]
[PlyCount "177"]
[EventDate "2024.09.25"]
[EventType "swiss"]
[EventCountry "NET"]
[SourceTitle "playchess.com"]
[Source "ChessBase"]
[SourceQuality "1"]
[TimeControl "600+2"]

1. d4 d5 2. Nf3 e6 3. c4 a6 4. Bg5 Be7 5. Bxe7 Nxe7 6. Nbd2 b6 7. g3 Bb7 8. cxd5 Nxd5 9. Bg2 O-O 10. O-O Nd7 11. Rc1 c5 12. dxc5 Nxc5 13. Nb3 Nxb3 14. Qxb3 b5 15. Rfd1 Rc8 16. Rxc8 Qxc8 17. Ne5 Rd8 18. h4 h6 19. a4 Qc7 20. Nd3 bxa4 21. Qxa4 Nb6 22. Qf4 Qe7 23. Bxb7 Qxb7 24. Rc1 Nd5 25. Qc4 a5 26. Qa4 Ra8 27. Rc5 Qa7 28. Qd4 Qb7 29. Qa4 Qa7 30. Qc4 Qb8 31. Rb5 Qd8 32. Rb7 Rc8 33. Qd4 Rc7 34. Rxc7 Qxc7 35. Qc5 Qd8 36. b3 h5 37. Ne5 Nf6 38. Nd3 g6 39. Qg5 Kg7 40. Qe5 Kg8 41. Qg5 Kg7 42. Qe5 Qd5 43. Qc3 Qf5 44. Qd4 Kh7 45. f3 Ne8 46. Kg2 Qb5 47. Qa4 Nd6 48. Qf4 Nf5 49. Qc7 Kg7 50. Qc3+ Kh7 51. Qc7 Nh6 52. Kf2 Qxb3 53. Qxa5 Qb7 54. Qc5 Nf5 55. Ne5 Kg7 56. Qc3 Qa7+ 57. Kg2 Ne3+ 58. Kh2 Nd5 59. Qe1 Qe3 60. Nd3 f6 61. Qf2 Qd2 62. Qe1 Qc2 63. Kg1 g5 64. hxg5 fxg5 65. Qa1+ Kg6 66. Qe5 Qc6 67. Qe4+ Kf6 68. Qe5+ Kg6 69. Qe4+ Kh6 70. Ne5 Qc5+ 71. Kg2 Ne3+ 72. Kh2 Nf5 73. Nf7+ Kg7 74. Qe5+ Qxe5 75. Nxe5 Kf6 76. Nd7+ Ke7 77. Ne5 Nd4 78. e3 Nc2 79. e4 Ne1 80. Kg1 Kf6 81. Nd7+ Ke7 82. Ne5 Kf6 83. Nd7+ Kg7 84. Ne5 Nc2 85. Kf2 Kf6 86. Nd7+ Kg7 87. Ne5 Kf6 88. Nd7+ Kg7 89. Ne5 1/2-1/2

[Event "CCT Julius Baer-D2 2024"]
[Site "Online"]
[Date "2024.09.27"]
[Round "1"]
[White "Durarbayli, Vasif"]
[Black "Anton Guijarro, David"]
[Result "1-0"]
[ECO "B12"]
[WhiteElo "2626"]
[BlackElo "2665"]
[Annotator "ChessBase"]
[PlyCount "93"]
[EventDate "2024.09.25"]
[EventType "swiss"]
[EventCountry "NET"]
[SourceTitle "playchess.com"]
[Source "ChessBase"]
[SourceQuality "1"]
[TimeControl "600+2"]

1. e4 c6 2. d4 d5 3. e5 Bf5 4. Nf3 e6 5. Be2 Nd7 6. Nbd2 c5 7. c4 Ne7 8. dxc5 Nc6 9. cxd5 exd5 10. Nb3 Be4 11. Be3 Be7 12. O-O O-O 13. Rc1 Ndxe5 14. Nxe5 Nxe5 15. Nd4 Nc4 16. b4 Nxe3 17. fxe3 Bg5 18. Rc3 Re8 19. Bf3 Qe7 20. Kh1 a6 21. a4 g6 22. b5 axb5 23. axb5 Bxf3 24. Rxf3 Bf6 25. h3 Be5 26. Rf1 Rac8 27. Qf3 Red8 28. Rc2 Qe8 29. b6 Qd7 30. Rd1 Bg7 31. Rdc1 Re8 32. c6 bxc6 33. Nxc6 Kh8 34. Qf4 h5 35. Nd4 Rxc2 36. Rxc2 Be5 37. Qf1 Rb8 38. Rb2 Qb7 39. Qb5 Rc8 40. Rb1 Kg7 41. Nf3 Bf6 42. Nd4 Be5 43. Nb3 Rc2 44. Na5 Qe7 45. Qxd5 Bb8 46. Nc6 Bg3 47. Nxe7 1-0

[Event "CCT Julius Baer-D2 2024"]
[Site "Online"]
[Date "2024.09.27"]
[Round "1"]
[White "Indjic, Aleksandar"]
[Black "Martinez Alcantara, Jose Eduardo"]
[Result "1/2-1/2"]
[ECO "E35"]
[WhiteElo "2611"]
[BlackElo "2607"]
[Annotator "ChessBase"]
[PlyCount "136"]
[EventDate "2024.09.25"]
[EventType "swiss"]
[EventCountry "NET"]
[SourceTitle "playchess.com"]
[Source "ChessBase"]
[SourceQuality "1"]
[TimeControl "600+2"]

1. d4 Nf6 2. c4 e6 3. Nc3 Bb4 4. Qc2 d5 5. cxd5 exd5 6. Bg5 h6 7. Bh4 c6 8. e3 Be7 9. Bd3 Nbd7 10. Nge2 Nh5 11. Bxe7 Qxe7 12. g4 Nhf6 13. h3 Nb6 14. Ng3 Bd7 15. a4 Nc8 16. a5 Nd6 17. Na4 O-O 18. Nc5 Rfe8 19. Kf1 Rad8 20. b4 Bc8 21. Kg2 a6 22. Rae1 Nde4 23. f3 Nxg3 24. Kxg3 Nd7 25. Kg2 Qd6 26. Qf2 Nxc5 27. bxc5 Qc7 28. Ra1 Re7 29. Rhe1 Rde8 30. Ra3 Rf8 31. Qg3 Qd8 32. f4 f5 33. g5 hxg5 34. Qxg5 Qe8 35. Kf2 Rf6 36. Rg1 Kf8 37. Be2 Rh6 38. h4 Qf7 39. h5 Qf6 40. Rg3 Kf7 41. Ra1 Kf8 42. Rag1 Qf7 43. Qh4 Qf6 44. Rg5 Rf7 45. Qg3 Re7 46. Rg6 Rxg6 47. hxg6 Ke8 48. Rh1 Kd7 49. Rh8 Kc7 50. Bd3 Bd7 51. Qg5 Qe6 52. Rh3 Re8 53. Qg3 Re7 54. Rh5 Qf6 55. Rg5 Re8 56. Qh3 Kb8 57. Bxf5 Rf8 58. Bxd7 Qxg5 59. Qe6 Qh4+ 60. Ke2 Qh2+ 61. Kd3 Qg1 62. Qd6+ Ka7 63. Qxf8 Qd1+ 64. Kc3 Qc1+ 65. Kb3 Qb1+ 66. Kc3 Qc1+ 67. Kd3 Qd1+ 68. Kc3 Qc1+ 1/2-1/2

[Event "CCT Julius Baer-D2 2024"]
[Site "Online"]
[Date "2024.09.27"]
[Round "1"]
[White "Bortnyk, Olexandr"]
[Black "Daneshvar, Bardiya"]
[Result "0-1"]
[ECO "B50"]
[WhiteElo "2608"]
[BlackElo "2598"]
[Annotator "ChessBase"]
[PlyCount "106"]
[EventDate "2024.09.25"]
[EventType "swiss"]
[EventCountry "NET"]
[SourceTitle "playchess.com"]
[Source "ChessBase"]
[SourceQuality "1"]
[TimeControl "600+2"]

1. e4 c5 2. Nf3 d6 3. Bc4 Nf6 4. d3 Nc6 5. h3 g6 6. c3 Bg7 7. Bb3 O-O 8. O-O b5 9. Qe2 a5 10. Rd1 a4 11. Bc2 b4 12. d4 bxc3 13. bxc3 cxd4 14. cxd4 Nb4 15. Na3 Ba6 16. Qe1 Nxc2 17. Nxc2 Rc8 18. Nb4 Bb7 19. e5 Nd5 20. Nxd5 Bxd5 21. Nh2 Qd7 22. Ng4 h5 23. Ne3 Be4 24. Ba3 dxe5 25. dxe5 Qe6 26. f4 g5 27. Qb4 gxf4 28. Qxe4 fxe3 29. Qxe3 Qxe5 30. Qxe5 Bxe5 31. Rab1 Rfe8 32. Rb5 f6 33. Rb7 Kf7 34. Rdd7 Rc2 35. Bxe7 Ke6 36. Bb4 Rxa2 37. Rd3 Rc8 38. Re7+ Kf5 39. Bd2 Rcc2 40. g4+ hxg4 41. hxg4+ Kxg4 42. Red7 a3 43. Kf1 Ra1+ 44. Ke2 a2 45. Rg7+ Kf5 46. Rf3+ Ke6 47. Ra3 Rb1 48. Kd3 Rxd2+ 49. Kxd2 a1=Q 50. Rxa1 Rxa1 51. Rb7 f5 52. Kd3 Ra3+ 53. Ke2 f4 0-1

[Event "CCT Julius Baer-D2 2024"]
[Site "Online"]
[Date "2024.09.27"]
[Round "1"]
[White "Daneshvar, Bardiya"]
[Black "Bortnyk, Olexandr"]
[Result "1-0"]
[ECO "E91"]
[WhiteElo "2598"]
[BlackElo "2608"]
[Annotator "ChessBase"]
[PlyCount "63"]
[EventDate "2024.09.25"]
[EventType "swiss"]
[EventCountry "NET"]
[SourceTitle "playchess.com"]
[Source "ChessBase"]
[SourceQuality "1"]
[TimeControl "600+2"]

1. d4 Nf6 2. c4 b6 3. Nc3 Bb7 4. Qc2 g6 5. e4 d6 6. Nf3 Bg7 7. Be2 O-O 8. O-O Nc6 9. d5 Nb4 10. Qb1 a5 11. Be3 e6 12. Nd4 exd5 13. cxd5 Re8 14. a3 Na6 15. Bb5 Re7 16. Nc6 Bxc6 17. Bxc6 Rb8 18. f3 Nc5 19. Qc2 Ncd7 20. Kh1 Ne5 21. Bb5 Qc8 22. Rae1 h5 23. Bg5 Kh7 24. f4 Ned7 25. e5 Qe8 26. Bxf6 Bxf6 27. Bxd7 Qxd7 28. exf6 Rxe1 29. Rxe1 Qg4 30. Qe4 h4 31. h3 Qg3 32. Rf1 1-0

[Event "CCT Julius Baer-D2 2024"]
[Site "Online"]
[Date "2024.09.27"]
[Round "1"]
[White "Le, Tuan Minh"]
[Black "Sargsyan, Shant"]
[Result "1-0"]
[ECO "D02"]
[WhiteElo "2564"]
[BlackElo "2649"]
[Annotator "ChessBase"]
[PlyCount "93"]
[EventDate "2024.09.25"]
[EventType "swiss"]
[EventCountry "NET"]
[SourceTitle "playchess.com"]
[Source "ChessBase"]
[SourceQuality "1"]
[TimeControl "600+2"]

1. d4 d5 2. Nf3 Nf6 3. Bf4 c5 4. c3 Nc6 5. e3 Qb6 6. Qc2 Nh5 7. Be5 f6 8. Bg3 cxd4 9. exd4 e5 10. dxe5 Nxg3 11. hxg3 fxe5 12. Nh4 e4 13. Ng6 Nb4 14. cxb4 Qxg6 15. Nc3 Be6 16. Rd1 Rc8 17. Qa4+ Bd7 18. Bb5 Bc6 19. Rxd5 Bd6 20. Qd1 Rd8 21. Qh5 Qxh5 22. Bxc6+ bxc6 23. Rdxh5 e3 24. fxe3 h6 25. Rf5 Bxb4 26. Ke2 Bxc3 27. bxc3 Rb8 28. a4 Ke7 29. Rh4 Ke6 30. Ra5 Rb2+ 31. Kf3 g5 32. Re4+ Kd6 33. Rd4+ Ke6 34. Rc5 Rc8 35. e4 Rc2 36. e5 h5 37. Rd6+ Ke7 38. Rcxc6 Rxc6 39. Rxc6 g4+ 40. Kf4 Rxg2 41. Ra6 Rf2+ 42. Kg5 Rf3 43. Kh4 Rxc3 44. Rxa7+ Ke6 45. a5 Kxe5 46. a6 Kf6 47. Rh7 1-0

[Event "CCT Julius Baer-D2 2024"]
[Site "Online"]
[Date "2024.09.27"]
[Round "1"]
[White "Madaminov, Mukhiddin"]
[Black "Bok, Benjamin"]
[Result "1-0"]
[ECO "C50"]
[WhiteElo "2512"]
[BlackElo "2596"]
[Annotator "ChessBase"]
[PlyCount "93"]
[EventDate "2024.09.25"]
[EventType "swiss"]
[EventCountry "NET"]
[SourceTitle "playchess.com"]
[Source "ChessBase"]
[SourceQuality "1"]
[TimeControl "600+2"]

1. e4 e5 2. Nf3 Nc6 3. Bc4 Bc5 4. Nc3 Nf6 5. d3 h6 6. O-O O-O 7. a3 a6 8. Be3 d6 9. Bxc5 dxc5 10. Nd5 Be6 11. Ne3 Bxc4 12. Nxc4 Qe7 13. a4 b5 14. Ne3 Qe6 15. b3 Nd4 16. Nd2 Rfd8 17. Kh1 Qd6 18. g3 c6 19. Nf3 Qe6 20. Nd2 Qd6 21. Ra2 Rd7 22. Kg2 Rad8 23. Qa1 h5 24. h3 h4 25. axb5 axb5 26. Nf3 Nxf3 27. Kxf3 hxg3 28. fxg3 Qe6 29. g4 Nh7 30. Kg3 Qh6 31. Nf5 Rxd3+ 32. cxd3 Rxd3+ 33. Kf2 Qxh3 34. Ra8+ Nf8 35. Rxf8+ Kh7 36. Ke2 Kg6 37. Rg8 Rd7 38. Rxg7+ Kf6 39. Qb1 Qg2+ 40. Rf2 Rd2+ 41. Kxd2 Qxf2+ 42. Kc3 b4+ 43. Kc4 Qd2 44. Kxc5 Ke6 45. Qf1 Qc2+ 46. Qc4+ Qxc4+ 47. Kxc4 1-0

[Event "CCT Julius Baer-D2 2024"]
[Site "Online"]
[Date "2024.09.27"]
[Round "1.1"]
[White "So, Wesley"]
[Black "Yakubboev, Nodirbek"]
[Result "1-0"]
[ECO "C55"]
[WhiteElo "2826"]
[BlackElo "2668"]
[Annotator "TA"]
[PlyCount "69"]
[EventDate "2024.09.25"]
[EventType "swiss"]
[EventCountry "NET"]
[SourceTitle "playchess.com"]
[Source "ChessBase"]
[SourceQuality "1"]
[TimeControl "600+2"]

1. e4 e5 2. Nf3 Nc6 3. Bc4 Nf6 4. d3 Be7 5. Nc3 d6 6. a3 O-O 7. Be3 Be6 8. Ng5 Bg4 {[%emt 0:01:22] The position is equal.} 9. Qd2 h6 10. h3 Bh5 (10... Bc8 $11 11. Nf3 Be6) 11. Nf3 (11. g4 $5) 11... Bxf3 12. gxf3 Nd4 13. Bxd4 exd4 14. Ne2 d5 15. Ba2 c5 16. O-O-O b5 17. Rhg1 Kh8 18. Qf4 Qd7 19. h4 Rae8 {[%emt 0:00:09] [#]} (19... Rab8 $11 {keeps the balance.}) 20. e5 $1 $40 {[%emt 0:00:24][%mdl 128] White has strong attack. White is more active.} Nh7 21. Qg3 g6 (21... Rg8 $16) 22. Nf4 $18 {[%emt 0:00:06] Threatens to win with e6.} Qf5 23. Bxd5 Bd8 {[%emt 0:00:07][%cal Og6g5] [#]} 24. Bxf7 Bg5 $16 25. hxg5 (25. Bxe8 $2 Bxf4+ 26. Kb1 Bxg3 27. Bxg6 Qxg6 $19) 25... Qxf7 (25... Rxf7 $16 {keeps fighting.} 26. Nh3 h5) 26. Nh3 $18 Qa2 (26... h5 {is a better defense.}) 27. gxh6 Qa1+ $2 (27... c4 {was called for.} 28. Qxg6 Qa1+ 29. Kd2 c3+ 30. bxc3 Qxc3+ 31. Ke2 Qxc2+ (31... Rxe5+ $2 {perishes.} 32. Kf1 $18) 32. Rd2 Rxe5+ 33. Kf1 Qc1+ 34. Kg2 Qxg1+ 35. Kxg1 Rg8) 28. Kd2 Qxb2 29. f4 ({Not} 29. Qxg6 Qc3+ 30. Kc1 Qxa3+ (30... Qa1+ 31. Kd2 $11) 31. Kb1 Qb4+ 32. Kc1 Qa3+ 33. Kb1 Qb4+ 34. Ka2 Qa5+ 35. Kb1 Qb4+ $11) (29. Rb1 $142 Qc3+ 30. Kd1) 29... Re6 (29... Qc3+ $142 30. Ke2 Qxc2+ 31. Rd2 Qb3 32. Qxg6 Rg8) 30. Rb1 Qc3+ 31. Kd1 Qxa3 32. Qg4 Qa2 33. Rxb5 Qd5 {[%emt 0:00:04] [#]} 34. f5 $1 Rxe5 (34... Qc6 35. fxg6) 35. fxg6 {[%emt 0:00:06] Weighted Error Value: White=0.24 (precise) /Black=0.61.  Mistake:       	White=2     	Black=7      Inaccurate:     	White=1     	Black=3      OK:         	White=15    	Black=5      Best:        	White=1     	Black=2      Strong:       	White=1     	---} 1-0

[Event "CCT Julius Baer-D2 2024"]
[Site "Online"]
[Date "2024.09.27"]
[Round "1.1"]
[White "Martinez, Jose"]
[Black "Beca95"]
[Result "0-1"]
[ECO "C70"]
[WhiteElo "2734"]
[BlackElo "2616"]
[Annotator "NA"]
[PlyCount "74"]
[EventDate "2024.09.25"]
[EventType "swiss"]
[EventCountry "NET"]
[SourceTitle "playchess.com"]
[Source "ChessBase"]
[SourceQuality "1"]
[TimeControl "600+2"]

1. e4 e5 2. Nf3 Nc6 3. Bb5 a6 4. Ba4 Bc5 5. c3 Nge7 6. d4 exd4 7. cxd4 Bb4+ 8. Bd2 Bxd2+ 9. Nbxd2 d5 10. e5 O-O 11. O-O f6 12. Re1 fxe5 13. dxe5 Bg4 14. Bxc6 Nxc6 15. Qb3 Rb8 16. Rac1 Kh8 17. h3 Be6 18. Qa3 Rf4 19. Qe3 Qf8 20. Nb3 Bxh3 21. Nfd4 Bd7 22. e6 Be8 23. Nxc6 bxc6 24. Qe5 Qd6 25. Qg5 h6 26. Qg3 Rf6 27. Qe3 Rb4 28. f3 Rh4 29. Qe5 Rh5 30. Qxd6 cxd6 31. Na5 Re5 32. e7 Rfe6 33. Red1 c5 34. Nb7 d4 35. b4 Rxe7 36. Nxd6 Ba4 37. Rd2 Re2 0-1

[Event "CCT Julius Baer-D2 2024"]
[Site "Online"]
[Date "2024.09.27"]
[Round "1.1"]
[White "Le, Tuan Minh"]
[Black "Sargsyan_Shant"]
[Result "0-1"]
[ECO "D38"]
[WhiteElo "2726"]
[BlackElo "2664"]
[Annotator "RC"]
[PlyCount "120"]
[EventDate "2024.09.25"]
[EventType "swiss"]
[EventCountry "NET"]
[SourceTitle "playchess.com"]
[Source "ChessBase"]
[SourceQuality "1"]
[TimeControl "600+2"]

1. d4 d5 2. c4 e6 3. Nf3 Nf6 4. Nc3 Bb4 5. Qa4+ Nc6 6. e3 O-O 7. Qc2 Na5 8. cxd5 exd5 9. Bd3 Bg4 10. O-O Bxf3 11. gxf3 c5 12. dxc5 Bxc5 13. Kh1 Rc8 14. Qe2 Re8 15. Rg1 Nc6 16. Bd2 g6 17. Rac1 Bf8 18. Qf1 Bg7 19. Ne2 Ne5 20. Rxc8 Qxc8 21. Nd4 Nxd3 22. Qxd3 Nh5 23. Bc3 Qh3 24. Qf1 Qd7 25. Qb5 Qxb5 26. Nxb5 a6 27. Nc7 Rd8 28. Rd1 d4 29. exd4 Be5 30. Na8 Nf4 31. Nb6 Ne2 32. Re1 Bxd4 33. Rxe2 Bxb6 34. Re7 Bxf2 35. Rxb7 Bd4 36. Ba5 Rd5 37. b4 Rg5 38. h4 Rg1+ 39. Kh2 Ra1 40. Rb8+ Kg7 41. Ra8 Be5+ 42. Kg2 Rxa2+ 43. Kf1 Bd6 44. Bb6 Be5 45. Bc5 h5 46. Ra7 Kf6 47. Be3 Ra4 48. Bc5 Kg7 49. Ke2 Bf6 50. Kd3 Bxh4 51. Kc4 Bf6 52. Kb3 Ra1 53. Rb7 h4 54. Rb6 h3 55. Bd6 a5 56. b5 a4+ 57. Kc2 h2 58. Bxh2 Ra2+ 59. Kd3 Rxh2 60. Ra6 Rh4 0-1